Map: Deathaura LE

Players

A.I. 1 (Elite) - Winner!

  • Race: Protoss Protoss
  • Spawn Location: 11:00

xprtN

  • Race: Protoss Protoss
  • League: Diamond
  • Spawn Location: 5:00

VOD

Have the link to the VOD?

Description

Time

  • Played on: Dec. 3, 2020, 1:12 a.m.
  • Length: 8:16
Show
View Real Time Build Order
Export as new Build Order

A.I. 1 (Elite) Protoss - Winner!

Build Orders: Colossus Rush 

Get SALT Encoding   

  12  0:00  Probe  
  13  0:13  Probe  
  14  0:19  Pylon  
  14  0:25  Probe  
  15  0:33  Probe  
  15  0:41  Probe  
  16  0:47  Assimilator  
  17  0:50  Gateway  
  17  0:51  Probe  
  18  0:59  Probe  
  18  1:00  Pylon  
  19  1:07  Probe  
  19  1:17  Probe  
  21  1:30  Probe  
  22  1:38  Zealot  
  24  1:42  Probe  
  25  1:48  Nexus  
  25  1:59  Probe, Cybernetics Core  
  25  2:07  Probe  
  27  2:15  Probe  
  27  2:20  Warp Gate  
  28  2:26  Pylon  
  28  2:28  Probe  
  29  2:36  Stalker  
  31  2:38  Gateway  
  31  2:42  Assimilator  
  31  2:44  Probe  
  32  2:55  Pylon  
  32  2:57  Probe  
  33  3:00  Probe  
  34  3:06  Adept  
  34  3:09  Probe  
  34  3:12  Probe  
  37  3:21  Probe  
  37  3:23  Robotics Facility  
  37  3:24  Adept  
  40  3:28  Probe  
  40  3:34  Probe  
  42  3:36  Adept  
  42  3:40  Probe  
  45  3:46  Probe  
  46  3:52  Probe  
  46  3:54  Adept  
  49  3:58  Probe  
  49  4:00  Probe  
  50  4:06  Adept  
  50  4:08  Probe  
  53  4:10  Probe  
  53  4:12  Robotics Bay  
  53  4:13  Pylon  
  53  4:15  Observer  
  56  4:18  Probe  
  56  4:22  Probe  
  56  4:23  Robotics Facility  
  58  4:29  Pylon  
  58  4:31  Stalker  
  60  4:39  Probe  
  60  4:40  Probe  
  60  4:41  Pylon  
  60  4:43  Adept  
  64  4:55  Stalker  
  66  5:02  Gateway  
  66  5:10  Zealot  
  66  5:12  Pylon  
  68  5:14  Zealot, Colossus  
  76  5:22  Pylon  
  76  5:28  Zealot  
  78  5:31  Zealot  
  80  5:37  Probe  
  80  5:39  Probe  
  78  5:44  Stalker  
  80  5:50  Probe, Assimilator  
  80  5:51  Sentry, Probe  
  80  5:52  Assimilator  
  80  5:53  Nexus  
  80  5:55  Stalker  
  80  5:57  Pylon  
  85  6:00  Pylon  
  85  6:02  Probe x2  
  87  6:07  Stalker  
  87  6:10  Probe  
  89  6:14  Stalker, Probe  
  93  6:18  Probe  
  93  6:19  Stalker  
  96  6:26  Probe  
  96  6:28  Sentry, Forge  
  96  6:30  Probe  
  100  6:33  Pylon  
  100  6:39  Pylon  
  100  6:42  Pylon  
  100  6:45  Pylon  
  100  6:52  Forge  
  100  7:04  Photon Cannon, Probe  
  100  7:05  Colossus  
  100  7:06  Probe x2  
  109  7:11  Assimilator  
  109  7:12  Probe  
  109  7:15  Sentry  
  111  7:18  Probe  
  111  7:19  Probe  
  111  7:20  Probe  
  111  7:21  Photon Cannon  
  115  7:30  Photon Cannon, Probe  
  115  7:32  Twilight Council, Probe  
  115  7:34  Probe  
  118  7:39  Pylon  
  118  7:42  Probe  
  119  7:44  Probe  
  119  7:46  Probe, Gateway  
  121  7:54  Probe  
  121  7:56  Probe  
  121  7:58  Probe  
  130  8:06  Photon Cannon  
  130  8:09  Pylon  
Show
View Real Time Build Order
Export as new Build Order

xprtN Protoss 

Build Orders: Phoenix Opening, Archon Immortal 

Get SALT Encoding   

  12  0:00  Probe  
  13  0:12  Probe  
  14  0:17  Pylon  
  14  0:25  Probe (Chrono Boost)  
  15  0:37  Probe (Chrono Boost)  
  15  0:38  Gateway  
  16  0:44  Probe (Chrono Boost)  
  16  0:47  Assimilator  
  17  0:51  Probe  
  17  0:54  Assimilator  
  18  1:03  Probe (Chrono Boost)  
  19  1:09  Gateway  
  19  1:14  Probe (Chrono Boost)  
  20  1:19  Probe (Chrono Boost)  
  20  1:25  Cybernetics Core  
  21  1:29  Probe  
  22  1:35  Pylon  
  22  1:42  Probe  
  23  1:54  Probe  
  24  2:01  Warp Gate  
  24  2:02  Stalker, Sentry  
  28  2:11  Pylon  
  28  2:19  Pylon  
  28  2:28  Stalker  
  30  2:32  Stalker  
  32  2:46  Nexus  
  32  2:56  Stargate  
  32  3:10  Shield Battery  
  32  3:13  Probe  
  32  3:18  Shield Battery  
  33  3:24  Robotics Facility  
  33  3:28  Probe  
  34  3:39  Phoenix  
  34  3:41  Probe  
  37  3:54  Probe (Chrono Boost)  
  38  3:59  Probe (Chrono Boost)  
  39  4:03  Phoenix (Chrono Boost)  
  43  4:11  Probe x2 (Chrono Boost), Observer  
  43  4:15  Probe (Chrono Boost)  
  44  4:17  Probe  
  44  4:19  Phoenix (Chrono Boost)  
  48  4:24  Pylon  
  48  4:26  Probe  
  48  4:29  Probe  
  50  4:38  Probe, Phoenix (Chrono Boost)  
  50  4:41  Probe  
  50  4:42  Assimilator  
  50  4:44  Stalker, Pylon  
  56  4:50  Probe  
  57  4:53  Probe  
  57  4:55  Assimilator  
  58  5:01  Immortal (Chrono Boost)  
  58  5:03  Probe  
  58  5:05  Probe  
  64  5:11  Pylon  
  64  5:15  Probe  
  64  5:17  Probe  
  66  5:23  Twilight Council  
  66  5:24  Forge  
  66  5:27  Probe  
  67  5:29  Probe  
  67  5:35  Immortal (Chrono Boost)  
  72  5:53  Pylon  
  72  5:55  Protoss Ground Weapons Level 1 (Chrono Boost)  
  72  5:56  Gateway x2  
  72  6:00  Charge  
  72  6:11  Gateway, Immortal (Chrono Boost)  
  76  6:19  Gateway  
  76  6:22  Templar Archives  
  76  6:29  Pylon  
  76  6:40  Immortal (Chrono Boost)  
  76  6:43  Gateway  
  76  6:45  Gateway  
  80  6:59  Pylon  
  80  7:08  Gateway  
  80  7:09  High Templar x2, Gateway, Warp Prism (Chrono Boost)  
  86  7:16  Archon  
  86  7:19  Zealot x4  
  94  7:25  Pylon  
  94  7:35  Nexus  
  94  7:53  High Templar  
  94  7:54  High Templar x3  
  94  7:56  Zealot x4  
  94  7:58  Archon x2  
  110  8:14  Pylon  
Tags
 
Composition
Archon Immortal
League
Diamond
Matchup
PvP
Spawn Locations
Cross Positions
Add a new tag
Caveats
  • Supply blocks, unpowered buildings, or Contaminate may cause inaccurate times.
  • Supply counts are checked every 10 seconds.